 Dungeon Crawl Stone Soup version 0.31-a0-986-g5e6e4ef867 (webtiles) character file.

Game seed: 3883481051438053894

6067 backslashecho the Cleaver (level 10, 0/90 HPs)
             Began as a Hill Orc Berserker on Nov 11, 2023.
             Was a Believer of Lugonu.
             Slain by an ogre
             ... wielding a +0 giant club
             ... created by the rage of Trog
              (29 damage)
             ... on level 8 of the Dungeon.
             The game lasted 00:21:16 (9374 turns).

backslashecho the Cleaver (Hill Orc Berserker)      Turns: 9374, Time: 00:21:16

Health: 0/90       AC: 19    Str: 25    XL:     10   Next: 87%
Magic:  13/13      EV: 10    Int: 11    God:    Lugonu [**....]
Gold:   352        SH:  5    Dex: 10    Spells: 9/9 levels left

rFire   . . .        a - +1 hand axe (vamp)
rCold   + . .        (no shield)
rNeg    . . .        b - +5 chain mail of the Bespelled God {Contam rPois rC+ Int+4}
rPois   +            y - +0 helmet
rElec   .            q - +0 cloak
rCorr   .            x - +0 pair of gloves
SInv    .            (no boots)
Will    .....        m - amulet of reflection Stlth
                     (no ring)
HPRegen 0.35/turn    (no ring)
MPRegen 0.13/turn

%: reflection
@: no status effects
A: no striking features
a: Renounce Religion, Depart the Abyss, Banish


You were on level 8 of the Dungeon.
You worshipped Lugonu.
Lugonu was pleased with you.
You visited 2 branches of the dungeon, and saw 9 of its levels.
You visited the Abyss 1 time.

You collected 431 gold pieces.
You spent 79 gold pieces at shops.

Inventory:

Hand Weapons
 a - a +1 vampiric hand axe (weapon)
 f - a +0 war axe
Missiles
 h - 15 poisoned darts (quivered)
 u - 8 curare-tipped darts
 v - 2 javelins
Armour
 b - the +5 chain mail of the Bespelled God (worn) {Contam rPois rC+ Int+4}
   (You acquired it on level 3 of the Dungeon)

   Int+4:     It affects your intelligence (+4).
   rC+:       It protects you from cold.
   rPois:     It protects you from poison Contam: It causes magical
   contamination when unequipped.
 q - a +0 cloak (worn)
 x - a +0 pair of gloves (worn)
 y - a +0 helmet (worn)
Jewellery
 m - an amulet of reflection (around neck)
 D - a ring of protection from cold
Wands
 z - a wand of acid (4)
 C - a wand of polymorph (2)
 E - a wand of digging (7)
Scrolls
 c - 5 scrolls of amnesia
 g - a scroll of poison {unknown}
 k - a scroll of fear {unknown}
 l - 4 scrolls of teleportation
 n - a scroll of enchant armour {unknown}
 s - 8 scrolls of identify
 A - a scroll of torment
Potions
 d - 2 potions of curing
 e - 5 potions of heal wounds
 i - 2 potions of brilliance
 j - 2 potions of might
 o - a potion of invisibility {unknown}
 p - 2 potions of mutation {unknown}
 r - 2 potions of enlightenment {unknown}
 t - a potion of ambrosia {unknown}
 w - a potion of attraction {unknown}
 B - a potion of resistance {unknown}


   Skills:
 + Level 8.9 Fighting
 * Level 13.0 Axes
 - Level 4.4 Throwing
 + Level 7.5 Armour
 - Level 5.0 Dodging
 - Level 1.0 Unarmed Combat
 + Level 5.2 Invocations


You had 9 spell levels left.
You didn't know any spells.
Your spell library contained the following spells:

 Spells                   Type           Power      Damage    Failure   Level
 Confusing Touch          Hex            0%         N/A       99%         3
 Ignite Poison            Fire/Tmut/Pois 0%         N/A       99%         3
 Inner Flame              Hex/Fire       0%         N/A       99%         3
 Sticky Flame             Conj/Fire      0%         2d3       100%        4
 Vhi's Electric Charge    Tloc/Air       0%         N/A       100%        4
 Arcjolt                  Conj/Air       0%         1d10      100%        5
 Yara's Violent Unravell  Hex/Tmut       0%         3d3       100%        5
 Ignition                 Fire           0%         3d3       100%        8
 Maxwell's Capacitive Co  Air            0%         ∞         100%        8


Dungeon Overview and Level Annotations

Branches:
Dungeon (8/15)             Temple (1/1) D:5
   Lair: D:8-11

Altars:
Ashenzari
Cheibriados
Dithmenos
Elyvilon
Fedhas
Gozag
Kikubaaqudgha
Makhleb
Nemelex Xobeh
Okawaru
Qazlal
Sif Muna
Trog
Uskayaw
Vehumet
Wu Jian
Xom
Yredelemnul
Zin
The Shining One

Shops:
D:1 *   D:5 (

Annotations:
D:5 1 runed translucent door, Crazy Yiuf


Message History

The black bear claws you but does no damage. x2
You regained 4 hp, and now have 70/90 hp.
You barely miss the black bear.
The black bear is almost dead.
The black bear barely misses you. The black bear claws you.
The black bear misses you.
You take 5 damage, and have 65/90 hp.
You hit the black bear but do no damage.
The black bear is almost dead.
The black bear closely misses you. The black bear barely misses you.
The black bear claws you but does no damage.
You hit the black bear.
You feel better.
The black bear is almost dead.
The black bear bites you but does no damage.
The black bear claws you. You block the black bear's attack.
You take 1 damage, and have 65/90 hp.
You barely miss the black bear.
The black bear is almost dead.
The black bear bites you. The black bear barely misses you.
The black bear claws you.
The ogre rages.
You take 7 damage, and have 58/90 hp.
You hit the black bear.
You kill the black bear!
That felt strangely unrewarding.
You hit the ogre.
You feel better.
The ogre is lightly wounded.
The ogre hits you with a +0 giant club!!
You take 22 damage, and have 36/90 hp.
MASSIVE DAMAGE!!
You are too injured to fight recklessly!
You are too injured to fight recklessly!
You barely miss the ogre. You slash the ogre! You punch the ogre.
The ogre is moderately wounded.
The ogre hits you with a +0 giant club!
* * * LOW HITPOINT WARNING * * *
You take 12 damage, and have 24/90 hp.
You hit the ogre.
The ogre is moderately wounded.
The ogre closely misses you.
You hit the ogre.
You feel better.
The ogre is heavily wounded.
You regained 2 hp, and now have 26/90 hp.
You slash the ogre!
The ogre is severely wounded.
The ogre closely misses you.
You hit the ogre.
You feel better.
The ogre is almost dead.
The ogre hits you with a +0 giant club!!
You die...

####....# #..# ##...## #.# #
####.# #..# #.#...###.### #.#
#..# ##.#..#...... #.# #..#
##..........# #######.### #..#
##...#..#....# ..........###..#
##....~~~~.§... ..#####..#.##..#
#...#~≈≈≈≈§.... #.#
#.###....####..§§§≈..≈≈~#.. #.#
##.#.###.O@.).#§§§....≈~..#
#.#######.## ######..~≈..##.≈~..#
#.......#.#########..~≈#.#.#≈~..#
#######.#............~≈.##..≈~...
#.#..########..~≈....§≈~...
#.#........##..~≈§..≈§§#..#
#.##.#####.##..#§≈≈≈≈~#...# ####
#.##.# #.##...#~~~~#...## ...#
#.##.# ###.###..........##


You could see an ogre (berserk).

Vanquished Creatures
  Amaemon (D:8)
  An orange demon (D:8)
  Maggie (D:7)
  Jeremiah (D:6)
  Grinder (D:6)
  A polar bear (D:8)
  A wraith (D:7)
  A steam dragon (D:7)
  Menkaure (D:7)
  2 water moccasins
  Edmund (D:5)
  Duvessa (D:4)
  2 ice beasts
  3 orc warriors
  3 sky beasts
  4 black bears
  2 ogres
  A centaur (D:7)
  3 phantoms
  3 kobold brigands
  3 scorpions
  6 bullfrogs
  5 wights (D:8)
  Dowan (D:4)
  6 killer bees (D:5)
  3 howler monkeys (D:7)
  3 jellies
  An orc priest (D:5)
  A sleepcap (D:6)
  A hound (D:5)
  Natasha (thrice) (D:2)
  Jessica (D:2)
  3 iguanas (D:5)
  4 orc wizards
  9 adders
  3 white imps
  2 ufetubi (D:5)
  6 dart slugs
  14 orcs
  7 bats
  3 endoplasms (D:1)
  A giant cockroach (D:1)
  9 goblins
  8 hobgoblins
  3 jackals (D:3)
  15 kobolds
  7 quokkas
  5 ball pythons
  4 frilled lizards
  6 rats
177 creatures vanquished.

Vanquished Creatures (others)
  A steam dragon (D:8)
  A sky beast (D:8)
  A human (D:6)
3 creatures vanquished.

Grand Total: 180 creatures vanquished

Notes
Turn   | Place    | Note
-------+----------+-------------------------------------------
     0 | D:1      | backslashecho the Hill Orc Berserker began the quest for
                  | the Orb.
     0 | D:1      | Reached XP level 1. HP: 19/19 MP: 1/1
    97 | D:1      | Reached XP level 2. HP: 17/27 MP: 2/2
   263 | D:1      | Found Yduvuroti's Assorted Antiques.
   359 | D:1      | Reached XP level 3. HP: 30/33 MP: 3/3
   360 | D:1      | Reached skill level 1 in Unarmed Combat
   669 | D:1      | Found a faded altar of an unknown god.
   820 | D:2      | Noticed Jessica
   831 | D:2      | Killed Jessica
   832 | D:2      | Reached skill level 5 in Axes
   832 | D:2      | Reached XP level 4. HP: 13/40 MP: 4/4
  1151 | D:2      | Reached ** piety under Trog
  1215 | D:2      | Noticed Natasha
  1226 | D:2      | Killed Natasha
  1227 | D:2      | Reached XP level 5. HP: 36/46 MP: 5/5
  1365 | D:2      | Noticed Natasha
  1376 | D:2      | Killed Natasha
  1377 | D:2      | Reached skill level 1 in Throwing
  1385 | D:2      | Noticed Natasha
  1465 | D:2      | Killed Natasha
  1850 | D:3      | Found a hide-covered altar of Uskayaw.
  2767 | D:4      | Identified the +0 leather armour of Distant Shores {Int-5
                  | Dex+5 Stlth+}
  2817 | D:3      | Identified a scroll of acquirement
  2817 | D:3      | Acquired the +5 chain mail of the Bespelled God {Contam
                  | rPois rC+ Int+4}
  2893 | D:4      | Reached skill level 6 in Axes
  2933 | D:4      | Noticed a phantom
  2946 | D:4      | Killed a phantom
  2947 | D:4      | Reached XP level 6. HP: 53/53 MP: 6/6
  3053 | D:4      | Found a stormy altar of Qazlal.
  3053 | D:4      | Noticed Duvessa
  3081 | D:4      | Killed Duvessa
  3280 | D:4      | Reached skill level 5 in Fighting
  3280 | D:4      | Reached XP level 7. HP: 61/61 MP: 7/7
  3313 | D:4      | Noticed Dowan
  3330 | D:4      | Killed Dowan
  3556 | D:5      | Entered Level 5 of the Dungeon
  3606 | D:5      | Found a staircase to the Ecumenical Temple.
  3611 | D:5      | Reached skill level 7 in Axes
  3749 | Temple   | Entered the Ecumenical Temple
  3874 | D:5      | Found a runed translucent door.
  3875 | D:5      | Noticed Crazy Yiuf
  3935 | D:5      | Found a snail-covered altar of Cheibriados.
  4129 | D:5      | Reached XP level 8. HP: 52/69 MP: 8/8
  4154 | D:5      | Reached skill level 8 in Axes
  4458 | D:5      | Noticed Edmund
  4459 | D:5      | Found Ontet's Firing Range.
  4491 | D:5      | Killed Edmund
  4507 | D:5      | Bought 6 curare-tipped darts for 79 gold pieces
  5052 | D:6      | Identified the "Muenuh Puxis"
  5399 | D:6      | Noticed Grinder
  5410 | D:6      | Killed Grinder
  5411 | D:6      | Reached skill level 9 in Axes
  5411 | D:6      | Reached skill level 5 in Armour
  5475 | D:6      | Noticed Jeremiah
  5488 | D:6      | Killed Jeremiah
  5489 | D:6      | Reached XP level 9. HP: 78/78 MP: 9/9
  5767 | D:6      | Found a shimmering blue altar of Sif Muna.
  5776 | D:6      | Found a shimmering altar of Xom.
  5843 | D:6      | Found an ancient bone altar of Kikubaaqudgha.
  5992 | D:6      | Reached skill level 10 in Axes
  6321 | D:7      | Noticed Maggie
  6336 | Abyss:2  | Cast into level 2 of the Abyss (Maggie)
  6357 | Abyss:2  | Found a corrupted altar of Lugonu.
  6360 | Abyss:2  | Fell from the grace of Trog
  6360 | Abyss:2  | Became a worshipper of Lugonu the Unformed
  6360 | Abyss:2  | Reached * piety under Lugonu
  6360 | Abyss:2  | Reached ** piety under Lugonu
  6363 | Abyss:2  | Found a corrupted altar of Lugonu.
  6363 | Abyss:2  | Found a corrupted altar of Lugonu.
  6381 | Abyss:2  | Noticed a smoke demon
  6382 | Abyss:2  | Noticed an orange demon
  6399 | Abyss:2  | Found a corrupted altar of Lugonu.
  6419 | D:7      | Escaped the Abyss
  6427 | D:7      | Killed Maggie
  6428 | D:7      | Reached skill level 1 in Invocations
  6436 | D:7      | Reached skill level 11 in Axes
  6465 | D:7      | Banished a polar bear
  6511 | D:7      | Reached XP level 10. HP: 86/88 MP: 11/11
  6739 | D:7      | Found a broken altar of Ashenzari.
  6914 | D:7      | Noticed Menkaure
  6928 | D:7      | Killed Menkaure
  7325 | D:7      | Reached skill level 5 in Dodging
  7469 | D:7      | Banished a two-headed ogre
  8005 | D:8      | Noticed an orange demon
  8009 | D:8      | Noticed Amaemon
  8019 | D:8      | Killed an orange demon
  8020 | D:8      | Reached skill level 12 in Axes
  8077 | D:8      | Killed Amaemon
  8785 | D:8      | Reached skill level 5 in Invocations
  8819 | D:8      | HP: 2/90 [polar bear[the rage of Trog] (13)]
  9300 | D:8      | Reached skill level 13 in Axes
  9374 | D:8      | Slain by an ogre

Illustrated notes

Levels and vault maps discovered:
D:1:      lightli_arrival_windingriver, layout_basic,
          hellmonk_ecumenical_altar_leap_of_faith, serial_shops, shop
D:2:      layout_basic, uniq_jessica, uniq_natasha
D:3:      layout_loops_cross, lemuel_doored_altar, reono_crystal_passage
D:4:      layout_rooms, mainiacjoe_overflow_brackets, uniq_duvessa
D:5:      layout_basic, cheibriados_altar_1, minmay_temple_entry_tees,
          serial_park_tiny_1, nicolae_shop_firing_range, uniq_edmund,
          uniq_crazy_yiuf_cottage
D:6:      layout_basic, mainiacjoe_overflow_swirl, tgw_kikubaaqudgha,
          grunt_decor_clamped, uniq_grinder, uniq_jeremiah
D:7:      layout_basic, mainiacjoe_overflow_six_doors_small, uniq_maggie,
          uniq_menkaure
D:8:      layout_loops_ring, hangedman_misty_isle, uniq_amaemon
Temple:   nicolae_temple_god_jail

Skill      XL: |  1  2  3  4  5  6  7  8  9 10 |
---------------+-------------------------------+-----
Unarmed Combat | 1 |  1.0
Fighting       | 4 5 6 7 8 |  8.9
Axes           | 5 6 7 9 11 13 | 13.0
Dodging        | 2 3 4 5 |  5.0
Armour         | 3 4 5 6 7 |  7.5
Throwing       | 1 2 3 4 |  4.4
Invocations    | 2 5 |  5.2

Action                     |  1- 3 |  4- 6 |  7- 9 | 10-12 || total
---------------------------+-------+-------+-------+-------++-------
  Melee: Hand axe          |    77 |   187 |   402 |   352 ||  1018
         Punch             |       |     3 |     2 |    10 ||    15
         War axe           |       |       |     7 |       ||     7
  Throw: Dart              |       |       |     8 |       ||     8
 Invoke: Berserk           |     1 |     5 |     3 |       ||     9
         Trog's Hand       |       |       |     3 |       ||     3
         Depart the Abyss  |       |       |     1 |       ||     1
  Evoke: Wand              |       |       |       |     3 ||     3
    Use: Scroll            |       |     5 |     9 |     1 ||    15
         Potion            |       |       |     1 |       ||     1
   Stab: Sleeping          |     2 |     2 |       |       ||     4
 Armour: Animal skin       |    52 |     2 |       |       ||    54
         Robe              |       |    69 |       |       ||    69
         Chain mail        |       |    38 |   374 |   301 ||   713
  Dodge: Dodged            |    43 |   122 |   225 |   156 ||   546
  Block: Other             |       |       |       |    65 ||    65
         Reflection        |       |       |       |     3 ||     3

Table legend: (Time is in decaauts)
 A = Elapsed time spent in this place.
 B = Non-inter-level travel time spent in this place.
 C = Inter-level travel time spent in this place.
 D = Time resting spent in this place.
 E = Time spent auto-exploring this place.
 F = Levels seen in this place.
 G = Mean time per level.
                   A        B        C        D        E       F      G
               +--------+--------+--------+--------+--------+-----+--------+
         Total |   9397 |   8393 |   1004 |   2170 |   4007 |  10 |  939.7 |
       Dungeon |   9315 |   8311 |   1004 |   2170 |   4007 |   8 | 1164.4 |
        Temple |      1 |      1 |      0 |      0 |      0 |   1 |    1.0 |
         Abyss |     80 |     80 |      0 |      0 |      0 |   1 |   80.0 |
               +--------+--------+--------+--------+--------+-----+--------+

Top non-repeatable levels by time:
     D:7: 2062 daAuts
     D:5: 1647 daAuts
     D:3: 1177 daAuts
     D:8: 1030 daAuts
     D:1: 982 daAuts
     D:2: 837 daAuts
     D:4: 810 daAuts
     D:6: 768 daAuts
 Abyss:2: 80 daAuts
  Temple: 1 daAuts
